 Dungeon Crawl Stone Soup version 0.27.0-1-g7a089689b8 (webtiles) character file.

Game seed: 5855271320914377928

454 SnakkuSnakku7 the Fighter (level 6, -2/61 HPs)
             Began as a Minotaur Monk on Aug 11, 2021.
             Slain by Dowan (5 damage)
             ... on level 5 of the Dungeon.
             The game lasted 00:03:10 (2736 turns).

SnakkuSnakku7 the Fighter (Minotaur Monk)           Turns: 2736, Time: 00:03:10

Health: -2/61      AC: 11    Str: 17    XL:     6   Next: 76%
Magic:  5/5        EV:  6    Int:  7    God:
Gold:   127        SH:  0    Dex: 13    Spells: 5/5 levels left

rFire    . . .     SeeInvis .   b - +3 dagger (venom)
rCold    . . .     Faith    .   (no shield)
rNeg     . . .     Spirit   .   k - +0 plate armour
rPois    +         Reflect  .   (helmet restricted)
rElec    .         Harm     .   (no cloak)
rCorr    .         Rampage  .   (no gloves)
Will     .....                  (no boots)
Stlth    ..........             (no amulet)
HPRegen  0.20/turn              d - ring of poison resistance
MPRegen  0.09/turn              (no ring)

@: flying
A: horns 2, retaliatory headbutt
a: no special abilities


You were on level 5 of the Dungeon.
You visited 1 branch of the dungeon, and saw 5 of its levels.

You collected 127 gold pieces.

Inventory:

Hand Weapons
 a - a +2 short sword of electrocution
 b - a +3 dagger of venom (weapon)
 f - a +0 mace
Armour
 c - a +0 robe
 h - a +0 leather armour
 k - a +0 plate armour (worn)
Jewellery
 d - a ring of poison resistance (left hand)
Scrolls
 e - 3 scrolls of identify {unknown}
 i - 2 scrolls of teleportation {unknown}
 j - 2 scrolls of silence {unknown}
 m - 2 scrolls of immolation {unknown}
 o - a scroll of noise {unknown}
 p - a scroll of fear {unknown}
 r - 3 scrolls of holy word {unknown}
Potions
 g - a potion of cancellation
 l - a potion of attraction {unknown}
 n - a potion of flight
 q - a potion of curing {unknown}
 s - a potion of degeneration {unknown}


   Skills:
 - Level 8.0 Fighting
 - Level 4.4 Maces & Flails
 + Level 3.6 Armour
 - Level 3.2 Dodging
 - Level 1.5 Stealth


You had 5 spell levels left.
You didn't know any spells.
Your spell library was empty.

Dungeon Overview and Level Annotations

Branches:
Dungeon (5/15)
 Temple: D:4-7

Altars:

Annotations:
D:5 Dowan


Innate Abilities, Weirdness & Mutations

You have a pair of horns on your head.
You reflexively headbutt those who attack you in melee.


Message History

Dowan blinks!
You hit the iguana.
The iguana is poisoned.
The iguana is moderately wounded.
The iguana closely misses you.
There is an open door here.
You kill the iguana!
You start resting.
Dowan is nearby!
You are too injured to fight recklessly!
You are too injured to fight recklessly!
You are too injured to fight recklessly!
Dowan hits you with a +0 dagger.
You hit Dowan.
Dowan is lightly wounded.
Dowan hits you with a +0 dagger.
* * * LOW HITPOINT WARNING * * *
You hit Dowan.
Dowan is poisoned.
Dowan is moderately wounded.
Dowan hits you but does no damage.
You barely miss Dowan.
Dowan is moderately wounded.
Dowan hits you but does no damage.
Dowan mumbles some strange words.
Dowan blinks!
Dowan casts a spell at you. The puff of frost hits you!
* * * LOW HITPOINT WARNING * * *
Dowan gestures at you while chanting. The puff of frost hits you.
* * * LOW HITPOINT WARNING * * *
You aren't carrying any items that you can evoke.
Unknown command.
It was a potion of cancellation.
You feel magically purged.
It was a potion of flight.
You feel very buoyant.
You fly up into the air.
You hit Dowan.
Dowan looks as sick as possible!
Your headbutt misses Dowan.
Dowan is severely wounded.
Dowan hits you with a +0 dagger.
You die...

#..... #....
#..... #....
.....#####...
#.........#
#.........#
#.........#
#....e....#
#....@....########
#....####.........
... #....#
#......... ....
#....+ #.........
....#######..>.#
#.........
.............###
###'#########
......>......#
#...........#
.............#
#....†......#
.............#
#...##e.##..#


You could see Dowan (extremely poisoned).

Vanquished Creatures
  A water moccasin (D:5)
  An ogre (D:4)
  A scorpion (D:5)
  A bullfrog skeleton (D:5)
  Jessica (D:3)
  An iguana (D:5)
  A gnoll (D:1)
  3 adders
  A white imp (D:5)
  A worm (D:3)
  3 dart slugs
  6 endoplasms
  4 giant cockroaches
  7 goblins
  A hobgoblin (D:3)
  8 jackals
  8 kobolds
  4 quokkas
  6 ball pythons
  11 bats
  A frilled lizard (D:1)
  4 rats
75 creatures vanquished.

Notes
Turn   | Place    | Note
-------+----------+-------------------------------------------
     0 | D:1      | SnakkuSnakku7 the Minotaur Monk began the quest for the
                  | Orb.
     0 | D:1      | Reached XP level 1. HP: 19/19 MP: 0/0
   114 | D:1      | Reached skill level 4 in Fighting
   114 | D:1      | Reached XP level 2. HP: 27/27 MP: 1/1
   285 | D:1      | Reached XP level 3. HP: 31/34 MP: 2/2
   600 | D:1      | Reached skill level 5 in Fighting
   722 | D:2      | Found a faded altar of an unknown god.
  1043 | D:2      | Reached XP level 4. HP: 36/42 MP: 3/3
  1852 | D:3      | Noticed Jessica
  1857 | D:3      | Killed Jessica
  1858 | D:3      | Reached skill level 6 in Fighting
  2164 | D:4      | Reached XP level 5. HP: 46/51 MP: 4/4
  2425 | D:4      | Noticed an ogre
  2433 | D:4      | Killed an ogre
  2434 | D:4      | Reached skill level 7 in Fighting
  2540 | D:5      | Entered Level 5 of the Dungeon
  2587 | D:5      | Reached skill level 8 in Fighting
  2587 | D:5      | Reached XP level 6. HP: 49/61 MP: 5/5
  2592 | D:5      | Noticed a water moccasin
  2607 | D:5      | Killed a water moccasin
  2690 | D:5      | Noticed Dowan
  2733 | D:5      | HP: 2/61 [Dowan/puff of frost (3)]
  2736 | D:5      | Slain by Dowan

Illustrated notes

Levels and vault maps discovered:
D:1:      tarquinn_simple_flora_water_e, layout_basic, grunt_decor_cap
D:2:      layout_basic, shapermc_ecumenical_altar_venn, minmay_tromino_v4_a
D:3:      layout_basic, uniq_jessica
D:4:      layout_basic
D:5:      layout_gridville, uniq_duvessa

Skill      XL: |  1  2  3  4  5  6 |
---------------+-------------------+-----
Fighting       | 4 5 6 8 |  8.0
Maces & Flails | 4 |  4.4
Armour         | 3 |  3.6
Dodging        | |  3.2
Stealth        | |  1.5

Action                   |  1- 3 |  4- 6 || total
-------------------------+-------+-------++-------
Melee: Mace              |    25 |       ||    25
       Headbutt          |     8 |    17 ||    25
       Dagger            |    27 |    73 ||   100
       Short sword       |       |    12 ||    12
  Use: Potion            |       |     2 ||     2
 Stab: Sleeping          |     5 |       ||     5
Armor: Robe              |     8 |       ||     8
       Leather armour    |     3 |     1 ||     4
       Plate armour      |       |    52 ||    52
Dodge: Dodged            |    36 |    14 ||    50
